 Dungeon Crawl Stone Soup version 0.25.1-2-g60ff931df9 (webtiles) character file.

Game seed: 7892921262658951515

95183 NightCrawler1 the Peltast (level 16, -4/109 HPs)
             Began as a Halfling Hunter on Aug 7, 2020.
             Was a High Priest of Okawaru (penitent).
             Killed by the air
             ... invoked by a titan
             ... created by the fury of Okawaru
              (12 damage)
             ... on level 1 of the Shoals on Aug 11, 2020.
             The game lasted 02:24:15 (41283 turns).

NightCrawler1 the Peltast (Halfling Hunter)        Turns: 41283, Time: 02:24:16

Health: -4/109     AC: 22    Str: 16    XL:     16   Next: 62%
Magic:  22/22      EV: 13    Int: 13    God:    Okawaru [*]
Gold:   180        SH: 20    Dex: 24    Spells: 15/15 levels left

rFire    + + +     SeeInvis .   W - +7 morningstar of Ravage {vorpal, rC+}
rCold    + + +     Gourm    .   G - +0 kite shield
rNeg     + . .     Faith    .   k - +3 plate armour {rF+}
rPois    +         Spirit   .   Q - -2 hat of the Alchemist {rElec rPois rF+ rC+ rN+ MR+ rMut rCorr}
rElec    +         Reflect  +   B - scarf {rC+ rF+}
rCorr    +         Harm     .   M - +1 pair of gloves
rMut     +                      t - +2 pair of boots {run}
MR       ++...                  y - amulet "Yretiox" {Reflect *Corrode rPois Int+4 Dex+2 SH+5}
Stlth    ..........             g - ring of Surprise {Fire +Fly Dex-3 Slay+6}
HPRegen  0.28/turn              l - ring "Cuv Taump" {+Fly rPois rC+ Dex+6}
MPRegen  0.18/turn

@: about to teleport, mesmerised, quick
A: small, mutation resistance 1
a: Renounce Religion, Evoke Flight


You were on level 1 of the Shoals.
You worshipped Okawaru.
Okawaru was demanding penance.
You were not hungry.

You visited 7 branches of the dungeon, and saw 27 of its levels.
You visited 1 bazaar.

You collected 1906 gold pieces.
You spent 1726 gold pieces at shops.

Inventory:

Hand Weapons
 D - the +9 short sword of Watchfulness {flame, rF+ MR+ Int+3}
   (You found it on level 15 of the Dungeon)

   It has been specially enchanted to burn those struck by it, causing extra
   injury to most foes and up to half again as much damage against particularly
   susceptible opponents.
   It affects your intelligence (+3).
   It protects you from fire.
   It affects your resistance to hostile enchantments.
 O - a +3 fustibalus of flaming
 W - the +7 morningstar of Ravage (weapon) {vorpal, rC+}
   (You found it on level 3 of the Lair of Beasts)

   It inflicts extra damage upon your enemies.
   It protects you from cold.
Missiles
 d - 166 sling bullets
 h - 427 stones (quivered)
Armour
 k - a +3 plate armour of fire resistance (worn)
 t - a +2 pair of boots of running (worn)
 B - a scarf of resistance (worn)
 G - a +0 kite shield (worn)
 M - a +1 pair of gloves (worn)
 Q - the -2 hat of the Alchemist (worn) {rElec rPois rF+ rC+ rN+ MR+ rMut rCorr}
   (You acquired it on level 13 of the Dungeon)

   It protects you from fire.
   It protects you from cold.
   It insulates you from electricity.
   It protects you from poison.
   It protects you from negative energy.
   It affects your resistance to hostile enchantments.
   It provides partial protection from all sources of acid and corrosion.
   It protects you from mutation.
Jewellery
 g - the ring of Surprise (left hand) {Fire +Fly Dex-3 Slay+6}
   (You found it on level 10 of the Dungeon)

   [ring of fire]

   It enhances your fire magic.
   It affects your dexterity (-3).
   It affects your accuracy and damage with ranged weapons and melee attacks
   (+6).
   It protects you from fire.
   It makes you vulnerable to cold.
   It lets you fly.
 l - the ring "Cuv Taump" (right hand) {+Fly rPois rC+ Dex+6}
   (You found it on level 10 of the Dungeon)

   [ring of flight]

   It affects your dexterity (+6).
   It protects you from cold.
   It protects you from poison.
   It lets you fly.
 y - the amulet "Yretiox" (around neck) {Reflect *Corrode rPois Int+4 Dex+2 SH+5}
   (You took it off an orc on level 5 of the Dungeon)

   [amulet of reflection]

   It shields you and reflects attacks.
   It affects your intelligence (+4).
   It affects your dexterity (+2).
   It protects you from poison.
   It may corrode you when you take damage.
   It affects your SH (+5).
Wands
 i - a wand of polymorph (8)
 A - a wand of paralysis (20)
 C - a wand of flame (31)
 L - a wand of digging (3)
 P - a wand of enslavement (15)
 V - a wand of clouds (6)
 Z - a wand of iceblast (6)
Scrolls
 a - a scroll of identify
 b - a scroll of vulnerability {unknown}
 m - 4 scrolls of enchant armour
 o - a scroll of immolation
 s - 2 scrolls of magic mapping
 v - 5 scrolls of fog
 z - a scroll of random uselessness {unknown}
 F - 8 scrolls of remove curse
 H - a scroll of torment
 K - 2 scrolls of fear
 Y - a scroll of amnesia
Potions
 c - 3 potions of might
 e - 2 potions of cancellation
 q - 11 potions of curing
 r - 2 potions of resistance
 u - 3 potions of mutation
 w - 4 potions of flight
 E - 4 potions of lignification
 I - a potion of ambrosia {unknown}
 J - 2 potions of brilliance {unknown}
 N - a potion of haste
 R - 3 potions of invisibility {unknown}
 U - a potion of magic {unknown}
 X - 2 potions of degeneration {unknown}
Miscellaneous
 x - a lightning rod (4/4)
 T - a phial of floods (inert)
Comestibles
 f - 44 rations


   Skills:
 - Level 10.0 Fighting
   Level 6.3 Long Blades
 + Level 8.7 Maces & Flails
 - Level 14.0 Slings
 + Level 12.0 Armour
 + Level 8.9 Dodging
 - Level 4.0 Stealth
 - Level 15.0 Shields
 - Level 7.0 Invocations
 - Level 8.0 Evocations


You had 15 spell levels left.
You didn't know any spells.
Your spell library contained the following spells:

 Spells                   Type           Power        Failure   Level  Hunger
 Animate Skeleton         Necr           N/A          100%        1    ##.....
 Apportation              Tloc           #.....       100%        1    ##.....
 Corona                   Hex            #......      100%        1    ##.....
 Shock                    Conj/Air       #...         100%        1    ##.....
 Summon Small Mammal      Summ           #...         100%        1    ##.....
 Corpse Rot               Necr/Air       N/A          100%        2    ###....
 Shroud of Golubria       Chrm/Tloc      #.....       100%        2    ###....
 Sublimation of Blood     Necr           #.........   100%        2    ###....
 Swiftness                Chrm/Air       #.......     100%        2    ###....
 Conjure Flame            Conj/Fire      #.......     100%        3    ####...
 Ignite Poison            Fire/Tmut/Pois #.......     100%        3    ####...
 Static Discharge         Conj/Air       #.......     100%        3    ####...
 Airstrike                Air            #.........   100%        4    #####..
 Dispel Undead            Necr           #.......     100%        4    #####..
 Iskenderun's Mystic Bla  Conj/Tloc      #.......     100%        4    #####..
 Agony                    Necr           #.......     100%        5    ######.
 Bolt of Magma            Conj/Fire/Erth #.........   100%        5    ######.
 Excruciating Wounds      Chrm/Necr      #.........   100%        5    ######.
 Iskenderun's Battlesphe  Conj/Chrm      #.......     100%        5    ######.
 Lightning Bolt           Conj/Air       #.........   100%        5    ######.
 Iron Shot                Conj/Erth      #.........   100%        6    #######
 Malign Gateway           Summ/Tloc      #.........   100%        7    #######
 Orb of Destruction       Conj           #.........   100%        7    #######
 Spellforged Servitor     Conj/Summ      #.........   100%        7    #######


Dungeon Overview and Level Annotations

Branches:
Dungeon (15/15)            Temple (1/1) D:6            Lair (6/6) D:9
 Shoals (1/4) Lair:2       Spider (1/4) Lair:4        Slime (0/5) Lair:6
    Orc (2/2) D:12         Vaults (0/5) D:13         Depths (1/5) D:15
    Elf: Orc:2

Altars:
Ashenzari
Cheibriados
Dithmenos
Elyvilon
Gozag
Hepliaklqana
Makhleb
Nemelex Xobeh
Okawaru
Qazlal
Ru
Uskayaw
Vehumet
Wu Jian
Xom
Yredelemnul
The Shining One

Shops:
D:5 %}*   D:14 !=   D:15 *

Annotations:
D:10 sirjames's ghost, journeyman SpAs
D:11 3 runed translucent doors, Ileemor's ghost, journeyman MiBe; sirjames's ghost, journeyman TeFE; tensugalgo's ghost, journeyman TeBe
Lair:2 beem, exclusion: 3 oklob plants
Orc:2 Azrael


Innate Abilities, Weirdness & Mutations

You are small and have problems with some larger weapons.
You are somewhat resistant to further mutation.


Message History

You see here a javelin.
Unknown command.
Unknown command.
You cannot move away from the merfolk siren!
Unknown command.
Unknown command.
You cannot move away from the merfolk siren!
Unknown command.
Okay, then.
As you read the scroll of teleportation, it crumbles to dust.
You feel strangely unstable.
The merfolk throws a boomerang.
You reflect the boomerang off an invisible shield around you!
The boomerang hits the merfolk!!
The weapon returns to the merfolk!
The merfolk siren chants its luring song.
The merfolk throws a boomerang.
You reflect the boomerang off an invisible shield around you!
The boomerang hits the merfolk!
The weapon returns to the merfolk!
The titan waves its arms in wide circles.
The air twists around and strikes you!
You die...

PP≈≈≈≈≈.......≈≈≈≈≈.......≈≈≈.
≈≈≈≈≈≈≈≈≈≈...m≈≈≈≈≈≈......≈≈.≈≈
≈≈≈≈≈≈≈≈≈≈≈m≈≈(≈≈≈≈m≈.###...≈..
≈≈≈P≈≈≈≈≈≈≈≈(≈≈≈≈≈m≈.(# #......
≈≈≈≈≈≈≈≈≈≈≈≈≈≈≈≈≈≈m..(###......
≈≈≈≈≈≈≈≈≈≈≈≈≈≈≈≈≈≈≈C..().......
≈≈≈P≈≈≈≈≈....≈≈≈≈≈≈.C.#e.≈.....
≈P≈≈≈≈≈≈.....≈÷≈≈≈m..##........
≈≈≈≈≈≈≈≈.###..@(.≈≈≈.......≈(..
≈≈≈≈≈≈≈.## ##.....≈≈≈.....≈≈≈.≈
≈≈≈≈≈≈≈.# #####..≈≈≈≈..≈≈≈≈.≈
.≈≈≈≈≈≈≈## ### ##.≈≈≈≈≈≈≈≈≈≈..
#.((≈≈≈≈.###.####..≈≈≈≈≈≈≈≈≈≈..
((≈(≈≈≈≈P#........≈≈≈≈≈≈≈≈≈≈≈≈≈
≈P≈≈(≈P≈≈≈≈≈≈≈≈≈≈≈≈≈≈≈≈≈≈≈≈≈≈≈≈
≈≈≈≈≈≈≈≈P≈PPP≈≈≈≈≈≈≈≈≈≈≈≈≈≈≈≈≈
≈≈≈≈≈≈≈≈≈PPPP≈≈≈≈≈≈≈≈≈≈≈≈≈≈≈


You could see a titan, a fire giant, a merfolk impaler, a merfolk javelineer, 2
merfolk and 2 merfolk sirens.

Vanquished Creatures
  Saint Roka (Orc:2)
  Rupert (D:13)
  Kirke (D:15)
  A frost giant (D:15)
  Louise (Shoals:1)
  A stone giant (D:15)
  A spark wasp (Depths:1)
  A fire dragon (D:15)
  A merfolk impaler (Shoals:1)
  11 hydras
  An ogre mage (D:13)
  4 vault guards
  An alligator snapping turtle (Shoals:1)
  5 centaur warriors
  4 two-headed ogres
  A tengu warrior (D:15)
  An orc high priest (Orc:1)
  Urug (D:11)
  A fire crab (Lair:6)
  An unseen horror (D:12)
  A deep elf archer (Orc:1)
  2 orc knights
  An orb spider (Lair:4)
  2 orc sorcerers
  4 deep elf magi
  2 ugly things
  3 manticores
  3 cyclopes
  7 elephants
  5 black mambas
  4 gargoyles
  15 spiny frogs
  4 centaur skeletons
  A demonic crawler (Lair:4)
  11 komodo dragons
  5 rime drakes
  A tengu conjurer (D:15)
  A yaktaur (D:15)
  8 trolls
  5 polar bears
  7 hornets
  9 hippogriffs
  Prince Ribbit (D:8)
  13 blink frogs
  9 dream sheep
  4 centaur simulacra
  Sigmund (D:5)
  4 shadows
  2 vampires (D:15)
  14 spriggans (Lair:6)
  3 redbacks
  4 wyverns
  57 yaks
  A tarantella (Lair:4)
  8 basilisks
  A human (D:13)
  Grum (D:8)
  3 hogs (D:15)
  A hungry ghost (D:10)
  A warg (Orc:1)
  Menkaure (D:7)
  An acid dragon (D:15)
  10 water moccasins
  14 porcupines
  12 orc warriors
  7 ice beasts
  6 black bears
  2 eyes of draining
  2 phantoms
  3 sky beasts
  12 ogres
  3 boggarts (Lair:6)
  18 wolves
  9 centaurs
  15 crocodiles
  4 big kobolds
  3 gnoll sergeants
  17 bullfrogs
  2 wyvern skeletons
  A scorpion (D:11)
  5 killer bees (D:10)
  11 wights
  8 howler monkeys
  6 crimson imps
  5 centaur zombies
  An electric eel (Lair:5)
  4 bullfrog zombies
  A quasit (D:10)
  A bullfrog skeleton (D:12)
  10 orc priests
  14 hounds
  9 orc wizards
  2 gnoll shamans
  2 iguanas (D:13)
  9 worker ants
  3 hell rats (Lair:3)
  A hound zombie (D:11)
  A mummy (D:7)
  A hound skeleton (D:11)
  24 gnolls
  5 river rats (Lair:3)
  15 adders
  3 shadow imps
  2 white imps (D:10)
  A worker ant simulacrum (D:10)
  3 oozes
  An adder zombie (D:9)
  7 worms
  A dart slug (D:3)
  7 leopard geckos
  55 orcs
  3 ball pythons
  5 giant cockroaches
  7 goblins
  13 hobgoblins
  8 jackals
  13 kobolds
  6 quokkas
  10 bats
  10 frilled lizards
  A leopard gecko skeleton (D:9)
  A quokka skeleton (D:5)
  8 rats
714 creatures vanquished.

Vanquished Creatures (others)
  A manticore (D:15)
  A hornet (Lair:6)
  2 humans (D:15)
  A crimson imp (D:15)
  A bush (Lair:4)
  6 fungi
  21 plants
  4 withered plants (D:11)
37 creatures vanquished.

Grand Total: 751 creatures vanquished

Notes
Turn   | Place    | Note
-------+----------+-------------------------------------------
     0 | D:1      | NightCrawler1 the Halfling Hunter began the quest for the
                  | Orb.
     0 | D:1      | Reached XP level 1. HP: 14/14 MP: 1/1
   265 | D:1      | Reached XP level 2. HP: 18/19 MP: 2/2
   785 | D:1      | Reached skill level 1 in Armour
   864 | D:1      | Reached XP level 3. HP: 24/24 MP: 3/3
  1196 | D:1      | Reached XP level 4. HP: 19/30 MP: 4/4
  2376 | D:3      | Reached XP level 5. HP: 35/35 MP: 5/5
  2957 | D:3      | Found a hazy altar of Hepliaklqana.
  3048 | D:3      | Found a radiant altar of Vehumet.
  3649 | D:4      | Reached XP level 6. HP: 41/43 MP: 6/6
  4412 | D:4      | Noticed an ogre
  4725 | D:5      | Entered Level 5 of the Dungeon
  5083 | D:4      | Killed an ogre
  5083 | D:4      | Reached skill level 5 in Fighting
  5083 | D:4      | Reached XP level 7. HP: 50/50 MP: 7/7
  5725 | D:5      | Identified the amulet "Yretiox" {Reflect *Corrode rPois
                  | Int+4 Dex+2 SH+5}
  6147 | D:5      | Reached XP level 8. HP: 58/58 MP: 8/8
  6237 | D:5      | Found Uwocw's General Store.
  6283 | D:5      | Bought a scroll of identify for 22 gold pieces
  6535 | D:5      | Found Qokkunt's Food Emporium.
  6591 | D:5      | Found a shattered altar of Ashenzari.
  6746 | D:5      | Found Idwocw's Gadget Emporium.
  6992 | D:5      | Identified the +2 whip of Descent {protect, rElec}
  7637 | D:5      | Reached XP level 9. HP: 47/64 MP: 9/9
  8006 | D:5      | Noticed Sigmund
  8222 | D:5      | Killed Sigmund
  8351 | D:6      | Reached skill level 5 in Armour
  8615 | D:6      | Found a staircase to the Ecumenical Temple.
  8641 | Temple   | Entered the Ecumenical Temple
  8712 | Temple   | Became a worshipper of Warmaster Okawaru
  8823 | D:5      | Reached skill level 1 in Shields
  9302 | D:6      | Reached skill level 2 in Shields
  9501 | D:7      | Found a stormy altar of Qazlal.
  9568 | D:7      | Found a white marble altar of Elyvilon.
  9845 | D:7      | Reached * piety under Okawaru
  9845 | D:7      | Reached skill level 10 in Slings
  9935 | D:7      | Found a snail-covered altar of Cheibriados.
  9965 | D:7      | Noticed Menkaure
  9977 | D:7      | Killed Menkaure
  9977 | D:7      | Reached skill level 5 in Dodging
  9977 | D:7      | Reached skill level 3 in Shields
 10131 | D:8      | Noticed Grum
 10374 | D:8      | Reached XP level 10. HP: 65/71 MP: 10/10
 10487 | D:8      | Noticed a purple ugly thing
 10549 | D:8      | Noticed a two-headed ogre
 10701 | D:8      | Noticed Prince Ribbit
 11258 | D:8      | Reached skill level 4 in Shields
 11837 | D:8      | Killed Prince Ribbit
 12165 | D:7      | Killed a purple ugly thing
 12165 | D:7      | Reached ** piety under Okawaru
 12165 | D:7      | Reached skill level 5 in Shields
 12415 | D:8      | Killed Grum
 13590 | D:8      | Noticed a three-headed hydra
 13901 | D:8      | Killed a three-headed hydra
 13901 | D:8      | Reached *** piety under Okawaru
 13901 | D:8      | Reached skill level 7 in Shields
 14238 | D:8      | Got a transparent halberd
 14475 | D:8      | Reached XP level 11. HP: 75/75 MP: 11/11
 14608 | D:9      | Reached skill level 8 in Shields
 14639 | D:9      | Found a staircase to the Lair.
 15012 | D:8      | Killed a two-headed ogre
 15012 | D:8      | Reached **** piety under Okawaru
 15012 | D:8      | Received a gift from Okawaru
 15012 | D:8      | Received a gift from Okawaru
 15012 | D:8      | Reached skill level 9 in Shields
 15889 | D:9      | Received a gift from Okawaru
 16399 | D:9      | Reached skill level 10 in Shields
 16410 | D:9      | Reached skill level 1 in Long Blades
 16482 | D:9      | Found an ornate altar of the Wu Jian Council.
 16656 | D:10     | Entered Level 10 of the Dungeon
 17006 | D:10     | Noticed sirjames's ghost (journeyman SpAs)
 17033 | D:10     | Found a runed translucent gate.
 17033 | D:10     | Found a runed translucent gate.
 17033 | D:10     | Found a runed translucent gate.
 17086 | D:10     | Reached skill level 1 in Invocations
 17195 | D:10     | Noticed a two-headed ogre
 17260 | D:10     | Killed a two-headed ogre
 18983 | D:10     | Got the ring of Surprise {Fire}
 18987 | D:10     | Got a sparkling golden ring
 18992 | D:10     | Identified the ring of Surprise {Fire +Fly Dex-3 Slay+6}
                  | (You found it on level 10 of the Dungeon)
 18993 | D:10     | Identified the ring "Cuv Taump" {+Fly rPois rC+ Dex+6} (You
                  | found it on level 10 of the Dungeon)
 19107 | D:11     | Reached XP level 12. HP: 81/81 MP: 13/13
 19177 | D:11     | Reached ***** piety under Okawaru
 19177 | D:11     | Received a gift from Okawaru
 19270 | D:11     | Noticed a two-headed ogre
 19292 | D:11     | Killed a two-headed ogre
 19292 | D:11     | Received a gift from Okawaru
 19292 | D:11     | Reached skill level 11 in Shields
 19360 | D:11     | Noticed Urug
 19376 | D:11     | Killed Urug
 19376 | D:11     | Reached skill level 10 in Armour
 19467 | D:11     | Received a gift from Okawaru
 19484 | D:11     | Reached skill level 1 in Evocations
 19772 | D:11     | Found a runed translucent gate.
 19772 | D:11     | Found a runed translucent gate.
 19772 | D:11     | Found a runed translucent gate.
 19772 | D:11     | Noticed Ileemor's ghost (journeyman MiBe)
 19773 | D:11     | Noticed sirjames's ghost (journeyman TeFE)
 19773 | D:11     | Noticed tensugalgo's ghost (journeyman TeBe)
 19848 | D:11     | Received a gift from Okawaru
 20215 | Lair:1   | Entered Level 1 of the Lair of Beasts
 20215 | Lair:1   | Noticed a four-headed hydra
 20224 | Lair:1   | Killed a four-headed hydra
 20430 | Lair:1   | Received a gift from Okawaru
 20541 | Lair:1   | Noticed an eight-headed hydra
 20897 | Lair:1   | Reached skill level 12 in Shields
 20921 | Lair:1   | Received a gift from Okawaru
 21183 | Lair:1   | Noticed a four-headed hydra
 21195 | Lair:1   | Killed a four-headed hydra
 21690 | Lair:1   | Reached skill level 5 in Invocations
 22073 | Lair:1   | Killed an eight-headed hydra
 22073 | Lair:1   | Received a gift from Okawaru
 22073 | Lair:1   | Reached XP level 13. HP: 54/88 MP: 16/16
 22402 | Lair:2   | Found a shimmering altar of Xom.
 22416 | Lair:1   | Reached skill level 5 in Long Blades
 22637 | Lair:2   | Got a dazzling leather armour
 22648 | Lair:2   | Identified the +3 leather armour of the Hall of Blades
                  | {rElec rN++ Regen+ Dex-4} (You found it on level 2 of the
                  | Lair of Beasts)
 22983 | Lair:2   | Found a staircase to the Shoals.
 23120 | Lair:2   | Reached skill level 13 in Shields
 24428 | Lair:2   | Reached skill level 5 in Evocations
 24594 | Lair:3   | Got a pitted morningstar
 24595 | Lair:3   | Identified the +7 morningstar of Ravage {vorpal, rC+} (You
                  | found it on level 3 of the Lair of Beasts)
 25005 | Lair:4   | Received a gift from Okawaru
 25174 | Lair:4   | Received a gift from Okawaru
 25302 | Lair:4   | Reached skill level 1 in Maces & Flails
 25548 | Lair:4   | Received a gift from Okawaru
 25711 | Lair:4   | Found a hole to the Spider Nest.
 25716 | Lair:4   | Reached ****** piety under Okawaru
 25716 | Lair:4   | Reached XP level 14. HP: 95/95 MP: 18/18
 25890 | Lair:4   | Found an opulent altar of Gozag.
 26434 | Lair:5   | Received a gift from Okawaru
 26593 | Lair:5   | Reached skill level 14 in Shields
 27517 | Lair:6   | Entered Level 6 of the Lair of Beasts
 27628 | Lair:6   | Found a staircase to the Slime Pits.
 27767 | Lair:5   | Received a gift from Okawaru
 28453 | Lair:6   | Received a gift from Okawaru
 28467 | Lair:6   | Identified a +2 pair of boots of running (Okawaru gifted it
                  | to you on level 6 of the Lair of Beasts)
 29255 | Lair:6   | Reached skill level 15 in Shields
 29595 | Lair:6   | Reached XP level 15. HP: 103/103 MP: 20/20
 30318 | D:12     | Reached skill level 10 in Fighting
 30318 | D:12     | Reached skill level 5 in Maces & Flails
 30480 | D:12     | Received a gift from Okawaru
 30879 | D:12     | Found a staircase to the Orcish Mines.
 31194 | Orc:1    | Entered Level 1 of the Orcish Mines
 32066 | Orc:2    | Entered Level 2 of the Orcish Mines
 32231 | Orc:2    | Noticed Saint Roka
 32387 | Orc:2    | Noticed Azrael
 32888 | D:13     | Identified 2 scrolls of acquirement
 32888 | D:13     | Acquired the -2 hat of the Alchemist {rElec rPois rF+ rC+
                  | rN+ MR+ rMut rCorr}
 32889 | D:13     | Found the -2 hat of the Alchemist {rElec rPois rF+ rC+ rN+
                  | MR+ rMut rCorr}
 32909 | D:13     | Acquired a +0 fustibalus of flaming
 33257 | D:13     | Noticed Rupert
 33415 | D:13     | Killed Rupert
 33939 | D:13     | Found a gate to the Vaults.
 34271 | D:14     | Found Nielu's Distillery.
 34371 | D:14     | Found a flickering gateway to a bazaar.
 34380 | Bazaar   | Entered a bazaar
 34380 | Bazaar   | Found Cobizox's Armour Emporium.
 34380 | Bazaar   | Found Keruguwe's Distillery.
 34381 | Bazaar   | Found Xaizut's Antique Armour Shoppe.
 34381 | Bazaar   | Found Giut's Jewellery Shoppe.
 34397 | Bazaar   | Bought a glowing plate armour for 572 gold pieces
 34406 | Bazaar   | Bought a potion of mutation for 112 gold pieces
 34406 | Bazaar   | Bought a potion of curing for 42 gold pieces
 34406 | Bazaar   | Bought a potion of haste for 140 gold pieces
 34406 | Bazaar   | Bought a potion of curing for 42 gold pieces
 34406 | Bazaar   | Bought a potion of curing for 42 gold pieces
 34406 | Bazaar   | Bought a potion of heal wounds for 70 gold pieces
 34406 | Bazaar   | Bought a potion of curing for 42 gold pieces
 34406 | Bazaar   | Bought a potion of curing for 42 gold pieces
 34406 | Bazaar   | Bought a potion of curing for 42 gold pieces
 34849 | D:14     | Received a gift from Okawaru
 34864 | D:14     | Found Qawi's Jewellery Emporium.
 35274 | D:14     | Received a gift from Okawaru
 35774 | D:15     | Entered Level 15 of the Dungeon
 35927 | D:15     | Noticed a frost giant
 35951 | D:15     | Killed a frost giant
 35999 | D:15     | Found a staircase to the Depths.
 36036 | D:15     | Noticed Kirke
 36158 | D:15     | Killed Kirke
 36158 | D:15     | Received a gift from Okawaru
 36158 | D:15     | Reached XP level 16. HP: 102/109 MP: 22/22
 36628 | D:15     | Identified Sif Muna's Catalogue of Scorching Dislocation
 36689 | D:15     | Found Omapaink's General Store.
 36698 | D:15     | Bought a potion of curing for 39 gold pieces
 36698 | D:15     | Bought a scroll of enchant armour for 97 gold pieces
 36698 | D:15     | Bought a scroll of identify for 26 gold pieces
 36715 | D:15     | Received a gift from Okawaru
 36721 | D:15     | Found a snail-covered altar of Cheibriados.
 37153 | D:15     | Received a gift from Okawaru
 37592 | D:15     | Got a transparent short sword
 37593 | D:15     | Identified the +9 short sword of Watchfulness {flame, rF+
                  | MR+ Int+3} (You found it on level 15 of the Dungeon)
 37870 | Orc:2    | Was placed under penance by Okawaru
 37876 | Orc:2    | Killed Saint Roka
 37885 | Orc:1    | Noticed a frost giant
 37885 | Orc:1    | Noticed a titan
 37885 | Orc:1    | Noticed a frost giant
 37886 | Orc:1    | HP: 5/109 [frost giant/+2 battleaxe of freezing[the fury of
                  | Okawaru] (25)]
 37886 | Orc:1    | HP: 1/109 [frost giant/+2 battleaxe of freezing[the fury of
                  | Okawaru] (4)]
 38188 | Orc:1    | Noticed a fire giant
 38188 | Orc:1    | Noticed a titan
 38188 | Orc:1    | Noticed a fire giant
 38188 | Orc:1    | Noticed a deep elf master archer
 38442 | Spider:1 | Entered Level 1 of the Spider Nest
 38507 | Lair:4   | Noticed a titan
 38972 | D:14     | Bought 2 potions of might for 144 gold pieces
 38972 | D:14     | Bought a potion of curing for 54 gold pieces
 38972 | D:14     | Bought a potion of cancellation for 144 gold pieces
 38972 | D:14     | Bought a potion of curing for 54 gold pieces
 39587 | Depths:1 | Entered Level 1 of the Depths
 40203 | D:15     | Noticed a titan
 40203 | D:15     | Noticed a fire giant
 40215 | D:15     | Noticed a fire giant
 40807 | Shoals:1 | Entered Level 1 of the Shoals
 41155 | Shoals:1 | Noticed Louise
 41205 | Shoals:1 | Killed Louise
 41279 | Shoals:1 | Noticed a titan
 41279 | Shoals:1 | Noticed a fire giant
 41283 | Shoals:1 | Killed from afar by a titan

Illustrated notes

Levels and vault maps discovered:
D:1:      dpeg_arrival_court, layout_loops_ring, minmay_ruptured
D:2:      layout_rooms, kennysheep_minor_cross, bh_walls_and_bars
D:3:      layout_rooms, overflow_temple_1_default, lemuel_crystal_altar,
          serial_co_window_serial, co_window_paths_b, co_window_paths_a,
          co_window_corner_a, co_window_paths_a, co_window_paths_a,
          co_window_paths_a, co_window_paths_a, co_window_paths_c,
          co_window_unsneaky_path_b, co_window_broadway_b, co_window_paths_c,
          co_window_paths_c, first_ration
D:4:      layout_basic
D:5:      layout_cave_pools, kennysheep_little_box, serial_gnoll_camp,
          gnoll_camp_mini_shop, gnoll_camp_mini_hut, gnoll_camp_mini_doghouse,
          gnoll_camp_huts_basic, gnoll_camp_mini_shop, serial_shops,
          nicolae_shop_crystal, uniq_sigmund
D:6:      layout_basic, nicolae_overflow_hidden_temple,
          minmay_temple_entry_crystal_x, minmay_bent
D:7:      layout_rooms, slow_altar_2, grunt_qazlal_clouds, elyvilon_altar_4,
          uniq_menkaure
D:8:      minmay_distorted_concentric_squares, layout_basic, hangedman_ranch
          [blue_anna_fruit_fields], uniq_prince_ribbit1, uniq_grum
D:9:      layout_loops_cross, overflow_temple_1_default, minmay_lair_entry_grove
D:10:     layout_loops_ring, gammafunk_ghost_icy
D:11:     layout_rooms, gammafunk_ghost_cemetery,
          chequers_serial_rivers_micro_d, uniq_urug
D:12:     layout_roguey, hiddenorc2_lemuel
D:13:     layout_gridville, grunt_vaults_entry_fortified, uniq_rupert
D:14:     layout_grid_maze, minmay_misc_feat_pillars, serial_shops,
          bzr_entry_water, shop_coins, kennysheep_mini_moat, roderic_lattice_a
D:15:     grunt_enter_depths_snipers, layout_stronghold, serial_shops,
          nicolae_shop_temple_entry_statues_fountains, cheibriados_altar_1,
          uniq_kirke
Temple:   jpeg_temple_clearing
Lair:1:   layout_layer_cave, grunt_megastairs_5
Lair:2:   layout_regular_city, minmay_shoals_entry_beasts, basic_altar,
          grunt_megastairs_3, minmay_lair_oklob_chamber, lemuel_fruit_tree
Lair:3:   layout_concentric_octagons, grunt_forest_small_clearings,
          minivault_24, kennysheep_abandoned_house, grunt_megastairs_4
Lair:4:   layout_roguey, nicolae_spider_entry_orb_guardian, lemuel_centaur_altar
Lair:5:   layout_gridlike, infiniplex_staircase_pool, serial_bayou_shore_b
Lair:6:   minmay_lair_end_enchanted_forest, layout_gridlike, slime_dummy,
          grunt_megastairs_1
Shoals:1: layout_shoals, uniq_louise
Spider:1: layout_spider_delve, uniq_jorgrun, uniq_roxanne
Orc:1:    layout_diamond_mine, portal_ice_cave_entry_pillars_1
Orc:2:    pf_orc_diabolical, layout_caves, nooodl_orcs_dogs, uniq_saint_roka,
          uniq_nessos, uniq_azrael
Depths:1: layout_twisted_cross, pf_coc_iceberg, kennysheep_big_empty_room,
          special_room [special_room_magic_class], drop_trap,
          nemelex_xobeh_ov_fountains_minmay

Skill      XL: |  1  2  3  4  5  6  7  8  9 10 11 12 13 14 15 16 |
---------------+-------------------------------------------------+-----
Slings         | 6 8 10 12 13 14 | 14.0
Fighting       | 2 3 5 6 7 8 9 10 | 10.0
Armour         | 1 4 6 8 9 10 11 12 | 12.0
Stealth        | 3 4 |  4.0
Dodging        | 3 5 7 8 |  8.9
Shields        | 3 7 10 12 13 15 | 15.0
Long Blades    | 2 4 6 |  6.3
Invocations    | 2 5 6 7 |  7.0
Evocations     | 3 5 7 8 |  8.0
Maces & Flails | 1 4 7 8 |  8.7

Action                   |  1- 3 |  4- 6 |  7- 9 | 10-12 | 13-15 | 16-18 || total
-------------------------+-------+-------+-------+-------+-------+-------++-------
Melee: Short sword       |    34 |       |       |       |       |       ||    34
       Hand axe          |     7 |    24 |     5 |     3 |       |       ||    39
       War axe           |       |       |       |    29 |       |       ||    29
       Scimitar          |       |       |       |    80 |    71 |       ||   151
       Falchion          |       |       |       |    60 |       |       ||    60
       Morningstar       |       |       |       |       |   212 |    36 ||   248
       Hunting sling     |       |       |       |       |     1 |       ||     1
       Fustibalus        |       |       |       |       |       |     1 ||     1
 Fire: Hunting sling     |    50 |   276 |   676 |   969 |  1306 |       ||  3277
       Fustibalus        |       |       |       |       |   260 |   287 ||   547
Throw: Throwing net      |       |       |     1 |       |       |       ||     1
Invok: Heroism           |       |       |       |     2 |     1 |       ||     3
Evoke: Wand              |       |       |       |     4 |    15 |     3 ||    22
       Lightning rod     |       |       |       |       |     1 |       ||     1
       Phial of floods   |       |       |       |       |       |     1 ||     1
  Use: Scroll            |       |       |    10 |    10 |    14 |    14 ||    48
       Potion            |       |       |     1 |    10 |     1 |    10 ||    22
 Stab: Petrified         |       |       |       |       |     5 |       ||     5
       Petrifying        |       |       |       |       |     1 |       ||     1
  Eat: Chunk             |     1 |    11 |     8 |    13 |    29 |     1 ||    63
       Ration            |       |       |     3 |     6 |     4 |     4 ||    17
Armor: Leather armour    |     5 |     9 |       |       |       |       ||    14
       Chain mail        |       |    23 |   117 |    70 |       |       ||   210
       Plate armour      |       |       |       |    77 |   229 |    64 ||   370
Dodge: Dodged            |    33 |    77 |   106 |   178 |   170 |    71 ||   635
Block: Buckler           |       |       |    35 |   176 |       |       ||   211
       Other             |       |       |    15 |       |       |       ||    15
       Reflection        |       |       |       |    15 |    35 |    20 ||    70
       Kite shield       |       |       |       |   140 |   708 |   165 ||  1013
       Rpst.: Scimitar   |       |       |       |     9 |     6 |       ||    15
       Falchion          |       |       |       |     1 |       |       ||     1
